 Dungeon Crawl Stone Soup version 0.21-a0-426-g98080a9 (webtiles) character file.

1357588 WhiffAndRun the Slayer (level 26, 250/250 HPs)
             Began as a Grey Draconian Fire Elementalist on Nov 5, 2017.
             Was the Champion of Vehumet.
             Escaped with the Orb
             ... and 3 runes on Nov 6, 2017!
             The game lasted 10:36:29 (117165 turns).

WhiffAndRun the Slayer (DrFE)                     Turns: 117165, Time: 10:36:30

Health: 250/250    AC: 31    Str: 12      XL:     26   Next: 94%
Magic:  32/48      EV: 23    Int: 26 (28) God:    Vehumet [******]
Gold:   4301       SH: 13    Dex: 14      Spells: 5/67 levels left

rFire    + . .     SeeInvis .   a - staff of conjuration
rCold    + . .     Gourm    .   i - +3 buckler {AC+3}
rNeg     . . .     Faith    .   (armour unavailable)
rPois    .         Spirit   .   U - +2 hat
rElec    .         Reflect  +   E - +2 cloak {MR+}
rCorr    .         Harm     .   G - +2 pair of gloves
MR       +++..                  y - +2 pair of boots {Fly}
Stlth    +.........             d - +5 amulet of reflection
HPRegen  0.51/turn              s - ring of Zezapor {rC+ MR+}
MPRegen  0.31/turn              k - ring of Immorality {rF+ Int+6}

@: no status effects
A: walk through water, unfitting armour, dopey 1, unbreathing, cold-blooded, AC
+17
0: Orb of Zot
}: 3/15 runes: decaying, serpentine, silver
a: Renounce Religion, Evoke Flight


You escaped.
You worshipped Vehumet.
Vehumet was exalted by your worship.
You were very full.

You visited 10 branches of the dungeon, and saw 50 of its levels.
You visited 1 bazaar.
You also visited: Volcano.

You collected 7694 gold pieces.
You spent 3393 gold pieces at shops.

Inventory:

Hand Weapons
 b - a +8 demon whip of electrocution
 F - the +4 trident of the Puffball {flame, +Rage rElec rC+ Stlth-}
   (You found it on level 8 of the Dungeon)

   It has been specially enchanted to burn those struck by it, causing extra
   injury to most foes and up to half again as much damage against particularly
   susceptible opponents.
   It protects you from cold.
   It insulates you from electricity.
   It lets you go berserk.
   It makes you less stealthy.
Missiles
 Y - 4 throwing nets (quivered)
Armour
 i - a +3 buckler of protection (worn)
 y - a +2 pair of boots of flying (worn)
 E - a +2 cloak of magic resistance (worn)
 G - a +2 pair of gloves (worn)
 U - a +2 hat (worn)
Magical Staves
 a - an uncursed staff of conjuration (weapon)
 j - an uncursed staff of fire
 L - an uncursed staff of wizardry
Jewellery
 c - an uncursed ring of poison resistance
 d - a +5 amulet of reflection (around neck)
 k - the ring of Immorality (right hand) {rF+ Int+6}
   (You took it off a spriggan berserker on level 2 of the Depths)

   [ring of protection from fire]

   It affects your intelligence (+6).
   It protects you from fire.
 m - an uncursed ring of see invisible
 s - the ring of Zezapor (left hand) {rC+ MR+}
   (You acquired it on level 2 of the Swamp)

   [ring of protection from magic]

   It protects you from cold.
   It affects your resistance to hostile enchantments.
 w - an uncursed ring of resist corrosion
 Q - the ring of Doors {+Fly rElec rF+}
   (You found it on level 6 of the Lair of Beasts)

   [ring of flight]

   It protects you from fire.
   It insulates you from electricity.
   It lets you fly.
 S - the ring "Naotu" {rElec rN+ Slay+3}
   (You took it off a fire giant on level 2 of the Depths)

   [ring of positive energy]

   It affects your accuracy and damage with ranged weapons and melee attacks
   (+3).
   It insulates you from electricity.
   It protects you from negative energy.
 W - the ring "Jexip" {Fire +Fly MR+}
   (You took it off a deep elf death mage on level 3 of the Elven Halls)

   [ring of fire]

   It enhances your fire magic.
   It protects you from fire.
   It makes you vulnerable to cold.
   It affects your resistance to hostile enchantments.
   It lets you fly.
Wands
 e - a wand of iceblast (11/15)
 v - a wand of digging (22/24)
 A - a wand of acid (14/15)
 O - a wand of digging (13/24)
Scrolls
 n - 14 scrolls of identify
 r - 26 scrolls of remove curse
 u - 7 scrolls of magic mapping
 x - 6 scrolls of recharging
 D - 25 scrolls of teleportation
 J - 5 scrolls of fear
 K - 7 scrolls of blinking
 V - 8 scrolls of fog
Potions
 f - 6 potions of invisibility
 o - 7 potions of brilliance
 p - 24 potions of curing
 q - 6 potions of berserk rage
 t - 2 potions of cancellation
 z - 4 potions of might
 B - 9 potions of haste
 C - 3 potions of magic
 M - 6 potions of agility
 N - 11 potions of heal wounds
 X - a potion of resistance
Books
 Z - a book of Death

   Spells                             Type                      Level
   a - Corpse Rot                     Necromancy                   2
   b - Sublimation of Blood           Necromancy                   2
   c - Agony                          Necromancy                   5
   d - Dispel Undead                  Necromancy                   5
   e - Excruciating Wounds            Charms/Necromancy            5
   f - Bolt of Draining               Conjuration/Necromancy       5
Miscellaneous
 l - 4 phantom mirrors
 R - 3 boxes of beasts
 T - a lamp of fire
Comestibles
 g - 18 meat rations
 P - 38 bread rations


   Skills:
 + Level 23.1 Fighting
 - Level 16.0 Dodging
 - Level 1.7 Stealth
 - Level 4.0 Shields
 - Level 21.3 Spellcasting
 + Level 21.2 Conjurations
 - Level 10.0 Charms
 - Level 8.3 Summonings
 - Level 3.4 Necromancy
 - Level 18.0 Fire Magic
 - Level 7.0 Air Magic
 - Level 6.0 Earth Magic


You had 5 spell levels left.
You knew the following spells:

 Your Spells              Type           Power        Failure   Level  Hunger
a - Spellforged Servitor  Conj/Summ      ########..   1%          7    ####...
b - Deflect Missiles      Chrm/Air       ######....   7%          6    None
c - Fireball              Conj/Fire      ########..   0%          5    None
d - Ignition              Fire           #######...   1%          8    #####..
e - Iron Shot             Conj/Erth      #######...   1%          6    None
f - Regeneration          Chrm/Necr      ######....   1%          3    None
g - Airstrike             Air            ######....   1%          4    None
h - Summon Lightning Spi  Summ/Air       ######..     1%          4    None
i - Blink                 Tloc           N/A          2%          2    None
j - Apportation           Tloc           ####..       1%          1    None
k - Swiftness             Chrm/Air       ######..     1%          2    None
l - Summon Butterflies    Summ           ######..     1%          1    None
q - Orb of Destruction    Conj           ########..   1%          7    ####...
r - Bolt of Fire          Conj/Fire      ########..   1%          6    None


Dungeon Overview and Level Annotations

Branches:
Dungeon (15/15)            Temple (1/1) D:7            Lair (6/6) D:10
  Swamp (4/4) Lair:3        Snake (4/4) Lair:3        Slime (0/5) Lair:5
    Orc (2/2) D:11            Elf (3/3) Orc:2        Vaults (5/5) D:13
  Crypt (0/3) Vaults:2     Depths (5/5) D:15            Zot (5/5) Depths:5

Altars:
Ashenzari
Cheibriados
Dithmenos
Elyvilon
Fedhas
Gozag
Hepliaklqana
Kikubaaqudgha
Makhleb
Nemelex Xobeh
Okawaru
Qazlal
Ru
Sif Muna
Trog
Uskayaw
Vehumet
Wu Jian
Xom
Yredelemnul
Zin
The Shining One
Beogh

Shops:
D:7 *   D:8 *   D:12 [   Orc:2 =*[(   Elf:2 (   Snake:4 }}=

Portals:
Hell: Depths:1 Depths:2 Depths:3 Depths:4 Depths:5
Abyss: Depths:1 Depths:4
Pandemonium: Depths:1 Depths:3
Ziggurat: Depths:5

Annotations:
Depths:5 exclusion: 3 draconian stormcallers


Innate Abilities, Weirdness & Mutations

You can walk through water.
Your dull iron-grey scales are very hard. (AC +17)
You cannot fit into any form of body armour.
You can survive without breathing.
You are cold-blooded and may be slowed by cold attacks.
You are dopey. (Int -2)


Message History

Aim: an Orb Guardian You feel a surge of power!
The bolt of fire hits the Orb Guardian.
The Orb Guardian is heavily wounded.
Casting: Bolt of Fire
Confirm with . or Enter, or press ? or * to list all spells.
Aiming: Bolt of Fire
Press: ? - help, Shift-Dir - straight line, f/p - Orb Guardian
Aim: an Orb Guardian (heavily wounded)
You feel a surge of power!
The bolt of fire hits the Orb Guardian.
The Orb Guardian is almost dead.
Casting: Bolt of Fire
Confirm with . or Enter, or press ? or * to list all spells.
Aiming: Bolt of Fire
Press: ? - help, Shift-Dir - straight line, f/p - Orb Guardian
Aim: an Orb Guardian (almost dead)
You feel a surge of power!
The bolt of fire hits the Orb Guardian.
You kill the Orb Guardian!
Vehumet accepts your kill.
There is a staircase leading out of the dungeon here.
You have escaped!

..#.### #...####.###.#.## ......#
#................
....#.###################........
........##.......).....##.##.....
....#...#..#####'#####..#........
....#####.#####...#####.####.....
....# #..###.......###.## #.....
##..# #...#.........#...###.####
##.# #...+....@....'...##......
#.# #...#.........#...##......
#.# ##.###.......###.###......
#.## #'#####...#####'# ##.#...
#..####...####'###....####.#.).
##.##......)##.##.......##.#...
#.#.......).#.#.........#.#...
#.#.........'.'.........#.#...
#.#.........#.#.........#.#...


There were no monsters in sight!

Vanquished Creatures
  A pandemonium lord (Zot:2)
  4 ancient liches
  2 orbs of fire (Zot:5)
  Mara (Snake:3)
  2 juggernauts
  The ghost of mortelune the Executioner, a veteran MiFi of Okawaru (Vaults:5)
  the Lernaean hydra (Swamp:4)
  Vashnia (Snake:2)
  Frederick (Depths:4)
  Bai Suzhen (Swamp:4)
  Margery (Depths:2)
  6 caustic shrikes
  3 curse toes
  2 Killer Klowns (Zot:5)
  5 golden dragons
  Nikola (Vaults:1)
  Jorgrun (Depths:4)
  3 electric golems (Zot:5)
  7 tentacled monstrosities
  3 liches
  An Ice Fiend (Zot:2)
  26 Orb Guardians
  2 deep elf blademasters (Elf:3)
  4 titans
  7 quicksilver dragons
  2 deep elf master archers (Elf:3)
  2 sphinxes
  3 death cobs
  2 draconian monks
  The ghost of Qupu the Peltast, an adept MiFi of Okawaru (Swamp:4)
  9 storm dragons
  12 shadow dragons
  3 thorn hunters
  A frost giant (shapeshifter) (Depths:2)
  4 tengu reavers
  9 nagarajas (Snake:4)
  Roxanne (Swamp:4)
  4 ghost moths
  11 frost giants
  3 draconian knights
  3 draconian scorchers
  12 vault wardens
  18 fire giants
  6 deep elf sorcerers
  4 draconian shifters
  An iron dragon (Depths:3)
  An orc warlord (Orc:1)
  Louise (Snake:3)
  3 draconian stormcallers
  13 ironheart preservers
  A balrug (Depths:3)
  Aizul (Snake:1)
  7 deep elf elementalists (Elf:3)
  5 draconian annihilators
  2 reapers
  18 very ugly things
  2 entropy weavers (shapeshifter) (Vaults:4)
  An entropy weaver (Vaults:4)
  4 war gargoyles
  18 stone giants
  8 green draconians
  6 deep elf demonologists
  2 vampire knights
  8 black draconians
  Nessos (D:13)
  10 white draconians
  10 purple draconians
  14 deep elf annihilators
  6 red draconians
  7 statues (Depths:4)
  5 yellow draconians
  2 blizzard demons
  An ettin (shapeshifter) (Vaults:5)
  7 spark wasps
  7 ettins
  4 deep elf death magi (Elf:3)
  2 crystal guardians
  A merfolk impaler (Depths:1)
  A minotaur (shapeshifter) (Depths:5)
  Snorg (Lair:4)
  6 fire dragons
  16 yaktaur captains
  7 ogre magi
  10 great orbs of eyes
  8 deep elf high priests
  6 rakshasas
  8 ice dragons
  29 vault guards
  4 spriggan air magi
  8 naga warriors
  10 anacondas
  20 hydras
  6 centaur warriors
  A catoblepas (shapeshifter) (D:15)
  A ghost crab (Swamp:3)
  3 alligators
  A catoblepas (Lair:5)
  2 death knights
  16 tengu warriors
  7 deep troll shamans
  25 two-headed ogres
  30 dancing weapons
  9 death yaks
  A two-headed ogre (shapeshifter) (Vaults:5)
  7 spriggan berserkers
  3 orc high priests (Orc:2)
  4 soul eaters
  10 deep troll earth magi
  9 spriggans
  A titan skeleton (Vaults:5)
  20 deep elf knights
  3 sun demons (Depths:3)
  9 shock serpents
  21 naga sharpshooters
  5 iron trolls
  8 skeletal warriors
  2 storm dragon skeletons
  23 deep trolls
  5 hell knights
  A salamander mystic (Snake:3)
  2 death drakes (shapeshifter)
  2 spark wasp zombies (Depths:2)
  A fire crab (shapeshifter) (Vaults:5)
  A sea snake (shapeshifter) (Vaults:5)
  2 flayed ghosts
  A spriggan druid (Swamp:4)
  2 quicksilver dragon simulacra (Depths:3)
  3 glowing orange brains (Depths:3)
  An unseen horror (D:15)
  2 wizards
  5 lindwurms
  A swamp dragon (shapeshifter) (Depths:3)
  7 naga ritualists
  2 shambling mangroves
  A deep troll (shapeshifter) (Elf:1)
  9 phantasmal warriors
  12 swamp dragons
  A shadow dragon zombie (Vaults:5)
  16 deep elf archers
  9 ironbrand convokers
  24 orc knights
  Pikel (D:6)
  A fire giant zombie (Depths:2)
  7 mana vipers
  An iron dragon zombie (Depths:2)
  A wolf spider zombie (D:11)
  A wolf spider (Vaults:4)
  5 orc sorcerers
  A mana viper (shapeshifter) (Vaults:5)
  7 necromancers
  4 cyclopes
  A frost giant zombie (Depths:2)
  49 ugly things
  78 deep elf magi
  4 oklob plants
  2 manticores
  A shadow dragon skeleton (Vaults:5)
  22 moths of wrath
  4 salamanders
  A fire giant skeleton (Vaults:2)
  8 rust devils
  A frost giant skeleton (Depths:2)
  A guardian serpent (Snake:4)
  8 elephants
  Maurice (D:10)
  3 centaur zombies
  An ice statue (Depths:3)
  11 vault sentinels
  2 smoke demons
  22 black mambas
  A gargoyle (D:12)
  18 naga magi
  14 spiny frogs
  65 yaktaurs
  12 komodo dragons
  A tormentor (D:8)
  2 rime drakes
  A yaktaur (shapeshifter) (Vaults:1)
  An efreet (Lair:3)
  4 red devils
  13 freezing wraiths
  4 ice devils
  2 merfolk (shapeshifter)
  8 tengu conjurers
  A human skeleton (Vaults:2)
  2 meliai (shapeshifter)
  A jumping spider (shapeshifter) (D:15)
  9 trolls
  11 hornets
  5 polar bears
  A wind drake (shapeshifter) (Vaults:1)
  7 tyrant leeches
  A meliai zombie (D:11)
  6 blink frogs
  55 slime creatures
  An iron dragon simulacrum (Depths:2)
  9 bog bodies
  7 dream sheep
  12 hippogriffs
  A flying skull (Depths:3)
  An elf simulacrum (Depths:2)
  An ettin skeleton (Depths:2)
  6 air elementals
  45 yaks
  8 shadows
  A centaur simulacrum (D:14)
  2 spriggans (shapeshifter)
  12 water elementals
  A tarantella (shapeshifter) (Vaults:5)
  5 wyverns
  2 vampires
  17 humans
  6 wraiths
  7 fire elementals
  2 hogs
  3 hungry ghosts
  3 basilisks
  2 chaos spawn (Zot:2)
  2 neqoxecs
  10 vampire mosquitoes
  22 swamp worms
  9 insubstantial wisps (Swamp:1)
  The ghost of Qupu the Skirmisher, an amateur GrFi (D:4)
  37 nagas
  5 wargs
  13 water moccasins
  2 acid dragons
  9 porcupines
  7 hell hounds
  5 ice beasts
  10 swamp drakes
  53 orc warriors
  8 sky beasts
  3 black bears
  An orc zombie (Vaults:2)
  3 ettin simulacra (Depths:3)
  3 phantoms
  A necrophage (D:10)
  2 slaves (D:6)
  26 ogres
  An eye of draining (D:7)
  4 boggarts (Depths:1)
  11 centaurs
  5 wolves (Lair:6)
  An elf skeleton (Vaults:2)
  16 crocodiles
  A big kobold (D:6)
  An earth elemental (Elf:3)
  A big kobold (shapeshifter) (Depths:3)
  21 bullfrogs
  A water moccasin zombie (D:6)
  A wyvern skeleton (D:6)
  4 scorpions
  9 killer bees
  A killer bee (shapeshifter) (Vaults:5)
  6 wights
  An electric eel (Lair:2)
  7 crimson imps
  4 bullfrog zombies
  12 jellies
  5 centaur skeletons
  3 hounds
  18 orc priests
  8 bullfrog skeletons
  A gnoll shaman (D:9)
  Jessica (D:2)
  5 iguanas
  38 orc wizards
  3 worker ants
  10 adders
  4 gnolls (D:9)
  A howler monkey skeleton (D:11)
  7 shadow imps
  An ooze (shapeshifter) (Depths:5)
  6 worms
  A worm (shapeshifter) (Depths:2)
  5 leopard geckos
  106 orcs
  A ball python (D:3)
  7 bats
  3 giant cockroaches
  12 goblins
  8 hobgoblins
  13 jackals
  7 quokkas
  A ball python zombie (D:6)
  3 frilled lizards
  A jackal skeleton (D:7)
  17 kobolds
  A quokka zombie (D:5)
  8 rats
  5 fire vortices
  2 fungi (Lair:6)
  4 plants
2151 creatures vanquished.

Vanquished Creatures (collateral kills)
  An orb of fire (Zot:5)
  A spark wasp (Depths:3)
  An ettin (Depths:2)
3 creatures vanquished.

Vanquished Creatures (others)
  A vault warden (Vaults:3)
  An ironheart preserver (Vaults:5)
  A black draconian (Zot:1)
  2 yaktaur captains
  A dancing weapon (Elf:2)
  A deep elf mage (Depths:4)
  A moth of wrath (Zot:5)
  12 yaktaurs
  A bullfrog (D:6)
  An orc priest (D:6)
  An adder (D:6)
  13 fungi
  35 plants
71 creatures vanquished.

Grand Total: 2225 creatures vanquished

Notes
Turn   | Place    | Note
-------+----------+-------------------------------------------
     0 | D:1      | WhiffAndRun the Draconian Fire Elementalist began the quest for the Orb.
     0 | D:1      | Reached XP level 1. HP: 14/14 MP: 3/3
   240 | D:1      | Reached XP level 2. HP: 18/20 MP: 5/5
  1015 | D:2      | Reached XP level 3. HP: 21/26 MP: 1/6
  1425 | D:2      | Found a shadowy altar of Dithmenos.
  1504 | D:2      | Noticed Jessica
  1552 | D:2      | Killed Jessica
  1552 | D:2      | Reached XP level 4. HP: 28/33 MP: 0/7
  1629 | D:2      | Learned a level 3 spell: Conjure Flame
  1634 | D:2      | Learned a level 4 spell: Sticky Flame
  2393 | D:3      | Reached XP level 5. HP: 39/39 MP: 4/9
  2549 | D:3      | Reached skill level 1 in Fighting
  3503 | D:4      | Noticed Qupu's ghost (amateur GrFi)
  3504 | D:4      | Reached XP level 6. HP: 44/47 MP: 6/10
  3535 | D:4      | Found an ornate altar of the Wu Jian Council.
  3904 | D:4      | Killed Qupu's ghost
  3904 | D:4      | Reached skill level 2 in Fighting
  3904 | D:4      | Reached skill level 5 in Fire Magic
  4506 | D:5      | Entered Level 5 of the Dungeon
  4521 | D:5      | Found a stormy altar of Qazlal.
  4537 | D:5      | Noticed an ice beast
  5033 | D:5      | Your scales start taking on a dull iron-grey colour.
  5033 | D:5      | Reached XP level 7. HP: 56/56 MP: 9/12
  5033 | D:5      | Gained mutation: You can survive without breathing. [Grey Draconian growth]
  5316 | D:5      | Found a glowing golden altar of the Shining One.
  5567 | D:5      | Found a shadowy altar of Dithmenos.
  5630 | D:5      | Found an opulent altar of Gozag.
  5824 | D:6      | Reached skill level 3 in Fighting
  5824 | D:6      | Reached skill level 5 in Conjurations
  5963 | D:6      | Found a basalt altar of Yredelemnul.
  6092 | D:6      | Reached XP level 8. HP: 63/63 MP: 8/13
  6144 | D:6      | Noticed Pikel
  6242 | D:6      | Killed Pikel
  6242 | D:6      | Reached skill level 4 in Fighting
  6955 | D:6      | Reached XP level 9. HP: 48/72 MP: 5/16
  7595 | D:6      | Reached skill level 5 in Fighting
  7643 | D:6      | Reached skill level 5 in Spellcasting
  7655 | D:6      | Learned a level 5 spell: Fireball
  7878 | D:6      | Found an iron altar of Okawaru.
  7878 | D:6      | Found a white marble altar of Elyvilon.
  8529 | D:7      | Found a staircase to the Ecumenical Temple.
  8535 | Temple   | Entered the Ecumenical Temple
  8712 | Temple   | Became a worshipper of Vehumet
  9195 | D:7      | Found Luffitix's Assorted Antiques.
  9209 | D:7      | Bought a gnarled smoking staff for 216 gold pieces
  9209 | D:7      | Bought a large filigree amulet for 90 gold pieces
  9209 | D:7      | Bought a glowing orange potion for 16 gold pieces
  9209 | D:7      | Bought a black potion for 16 gold pieces
  9209 | D:7      | Bought a scroll labeled UTROAT SAVUB for 18 gold pieces
  9384 | D:7      | Noticed a two-headed ogre
  9384 | D:7      | Noticed a deep elf mage
  9813 | D:7      | Reached skill level 6 in Fighting
 10100 | D:8      | Reached XP level 10. HP: 82/83 MP: 11/18
 10500 | D:8      | Identified the +4 trident of the Puffball {flame, +Rage rElec rC+ Stlth-} (You found it on level 8 of the Dungeon)
 11021 | D:8      | Found Cusigoal's Assorted Antiques.
 11780 | D:9      | Reached * piety under Vehumet
 11780 | D:9      | Offered knowledge of Shock by Vehumet.
 11783 | D:9      | Learned a level 1 spell: Shock
 12105 | D:9      | Noticed a lindwurm
 12106 | D:9      | Noticed a lindwurm
 12107 | D:9      | Noticed a lindwurm
 12107 | D:9      | Noticed a lindwurm
 13260 | D:9      | Killed a lindwurm
 13260 | D:9      | Reached skill level 7 in Fighting
 13260 | D:9      | Reached skill level 10 in Fire Magic
 13431 | D:9      | Killed a lindwurm
 13732 | D:9      | Killed a lindwurm
 13732 | D:9      | Reached skill level 10 in Conjurations
 13732 | D:9      | Reached XP level 11. HP: 92/92 MP: 4/21
 13867 | D:9      | Killed a lindwurm
 14126 | D:9      | Identified Sif Muna's Compendium of the Captivating Rocks
 14174 | D:10     | Entered Level 10 of the Dungeon
 14667 | D:10     | Reached ** piety under Vehumet
 14680 | D:10     | Offered knowledge of Sandblast by Vehumet.
 14824 | D:10     | Noticed a two-headed ogre
 14908 | D:10     | Killed a two-headed ogre
 15121 | D:10     | Noticed Maurice
 15152 | D:10     | Killed Maurice
 15330 | D:8      | Bought a paperback book for 255 gold pieces
 15334 | D:8      | Learned a level 3 spell: Regeneration
 15444 | D:10     | Found a staircase to the Lair.
 15552 | D:10     | Offered knowledge of Ignite Poison by Vehumet.
 15816 | D:10     | Reached skill level 8 in Fighting
 15831 | D:10     | Reached skill level 1 in Necromancy
 15833 | D:10     | Reached skill level 1 in Charms
 16370 | D:11     | Reached *** piety under Vehumet
 17062 | D:11     | Found a staircase to the Orcish Mines.
 17097 | D:11     | Offered knowledge of Airstrike by Vehumet.
 17361 | D:11     | Found a bloodstained altar of Trog.
 17383 | D:11     | Reached XP level 12. HP: 87/103 MP: 17/23
 17929 | Lair:1   | Entered Level 1 of the Lair of Beasts
 18651 | Lair:1   | Learned a level 4 spell: Airstrike
 18990 | Lair:2   | Reached **** piety under Vehumet
 20114 | Lair:3   | Offered knowledge of Mephitic Cloud by Vehumet.
 20119 | Lair:3   | Learned a level 3 spell: Mephitic Cloud
 20208 | Lair:3   | Noticed a five-headed hydra
 20219 | Lair:3   | Killed a five-headed hydra
 20219 | Lair:3   | Reached skill level 9 in Fighting
 20219 | Lair:3   | Reached skill level 1 in Air Magic
 20275 | Lair:3   | Found a dark tunnel.
 20306 | Volcano  | Entered a volcano
 20635 | Lair:3   | Found a staircase to the Swamp.
 20790 | Lair:3   | Learned a level 2 spell: Blink
 21166 | Lair:3   | Found a staircase to the Snake Pit.
 22007 | Lair:3   | Reached XP level 13. HP: 95/111 MP: 13/25
 22262 | Lair:4   | Noticed Snorg
 22273 | Lair:4   | Killed Snorg
 22801 | Lair:4   | Found the +8 frozen axe "Frostbite" {freezing cloud, *Noise +Fly rC+}
 22928 | Lair:4   | Reached ***** piety under Vehumet
 23537 | D:8      | Bought a gold wand for 68 gold pieces
 23537 | D:8      | Bought a scroll labeled IFAOKI VESHENE for 17 gold pieces
 23537 | D:8      | Bought a lumpy golden amulet for 85 gold pieces
 23545 | D:8      | Bought a curved bronze wand for 68 gold pieces
 23860 | Lair:5   | Found a staircase to the Slime Pits.
 24269 | Lair:5   | Found a blossoming altar of Fedhas.
 24952 | Lair:6   | Entered Level 6 of the Lair of Beasts
 25449 | Lair:5   | Reached skill level 10 in Fighting
 25526 | Lair:6   | Offered knowledge of Ozocubu's Refrigeration by Vehumet.
 26458 | Lair:6   | Got a flickering iron ring
 26459 | Lair:6   | Identified the ring of Doors {+Fly rElec rF+} (You found it on level 6 of the Lair of Beasts)
 27588 | Lair:6   | Reached XP level 14. HP: 100/122 MP: 12/27
 28114 | Orc:1    | Entered Level 1 of the Orcish Mines
 28114 | Orc:1    | Found a roughly hewn altar of Beogh.
 28441 | Orc:1    | Found a runed door.
 28986 | Orc:2    | Entered Level 2 of the Orcish Mines
 30442 | Orc:1    | Learned a level 6 spell: Bolt of Fire
 30547 | Orc:1    | Offered knowledge of Poison Arrow by Vehumet.
 30727 | Orc:2    | Noticed an orc warlord
 30800 | Orc:1    | Killed an orc warlord
 30855 | Orc:2    | Found Doanugiami's General Store.
 30870 | Orc:2    | Found Jiqak's Jewellery Boutique.
 30997 | Orc:2    | Found a staircase to the Elven Halls.
 31207 | Orc:2    | Found Jiucefyu's Antique Weapon Shoppe.
 31228 | Orc:2    | Found Isialaat's Antique Armour Emporium.
 31237 | Orc:2    | Bought a pair of runed boots for 240 gold pieces
 31634 | Orc:1    | Identified the cursed +1 glaive of the Blind Eye {flame, rElec} (You took it off an orc wizard on level 1 of the Orcish Mines)
 31822 | Orc:1    | Found a roughly hewn altar of Beogh.
 32346 | D:12     | Reached skill level 11 in Fighting
 32520 | D:12     | Found Potub's Antique Armour Emporium.
 32929 | D:13     | Found a gate to the Vaults.
 32929 | D:13     | Noticed Nessos
 33192 | D:13     | Reached skill level 10 in Spellcasting
 33372 | D:13     | Killed Nessos
 33737 | D:13     | Reached skill level 5 in Dodging
 33836 | D:13     | Found a sacrificial altar of Ru.
 34398 | D:14     | Reached skill level 1 in Shields
 35360 | D:14     | Reached XP level 15. HP: 130/130 MP: 29/29
 35626 | D:15     | Entered Level 15 of the Dungeon
 37646 | D:15     | Reached skill level 12 in Fighting
 37839 | D:15     | Reached ****** piety under Vehumet
 38009 | D:15     | Found a staircase to the Depths.
 38585 | Swamp:1  | Entered Level 1 of the Swamp
 38958 | Swamp:1  | Reached skill level 15 in Fire Magic
 39063 | Swamp:1  | Learned a level 1 spell: Apportation
 40310 | Swamp:2  | Identified a scroll of acquirement
 40311 | Swamp:2  | Got a translucent steel ring
 40312 | Swamp:2  | Identified the ring of Zezapor {rC+ MR+} (You acquired it on level 2 of the Swamp)
 40377 | Swamp:2  | Noticed a thorn hunter
 40380 | Swamp:2  | Killed a thorn hunter
 40420 | Swamp:2  | Reached XP level 16. HP: 141/141 MP: 6/32
 40946 | Swamp:2  | Identified Ninganux's Handbook of Beguiling
 41040 | Swamp:2  | Offered knowledge of Freezing Cloud by Vehumet.
 41440 | Swamp:2  | Found the +0 sword of Power
 41559 | Swamp:2  | You are sucked into a shaft!
 41691 | Swamp:3  | Reached skill level 15 in Conjurations
 41919 | Swamp:3  | Identified the cursed +1 rapier "Zoiclel" {flame, +Fly rElec rPois MP-9} (You found it on level 3 of the Swamp)
 42734 | Swamp:4  | Entered Level 4 of the Swamp
 43192 | Swamp:4  | Noticed Roxanne
 43365 | Swamp:4  | Noticed Qupu's ghost (adept MiFi)
 43460 | Swamp:4  | Noticed a thorn hunter
 44383 | Swamp:4  | Noticed a thorn hunter
 44637 | Swamp:4  | Killed a thorn hunter
 44764 | Swamp:4  | Killed a thorn hunter
 45160 | Swamp:4  | Killed Qupu's ghost
 45414 | Swamp:4  | Noticed Bai Suzhen
 45848 | Swamp:4  | Killed Bai Suzhen
 45848 | Swamp:4  | Reached skill level 13 in Fighting
 46760 | Swamp:4  | Noticed the 27-headed Lernaean hydra
 47252 | Swamp:4  | Offered knowledge of Orb of Destruction by Vehumet.
 47267 | Swamp:4  | Learned a level 7 spell: Orb of Destruction
 47438 | Swamp:4  | Killed the 27-headed Lernaean hydra
 47776 | Swamp:4  | Got a decaying rune of Zot
 48180 | Swamp:4  | Killed Roxanne
 48274 | Swamp:4  | Identified Roxanne's Reference Book on Moulding (You took it off Roxanne on level 4 of the Swamp)
 48420 | Snake:1  | Entered Level 1 of the Snake Pit
 48756 | Snake:1  | Reached XP level 17. HP: 150/150 MP: 20/34
 50212 | Snake:2  | Noticed Aizul
 50647 | Snake:1  | Killed Aizul
 50915 | Snake:2  | Learned a level 2 spell: Swiftness
 51184 | Snake:2  | Noticed Vashnia
 51311 | Snake:2  | Killed Vashnia
 51605 | Snake:3  | Noticed Louise
 52466 | Snake:3  | Noticed Mara
 53154 | Snake:3  | Killed Louise
 53263 | Snake:3  | Noticed WhiffAndRun's illusion
 53442 | Snake:3  | Killed Mara
 53571 | Snake:3  | Offered knowledge of Spellforged Servitor by Vehumet.
 53584 | Snake:3  | Learned a level 7 spell: Spellforged Servitor
 53789 | Snake:4  | Entered Level 4 of the Snake Pit
 53803 | Snake:4  | Reached skill level 14 in Fighting
 53963 | Snake:3  | Reached skill level 1 in Summonings
 54496 | Snake:4  | Found a sparkling altar of Nemelex Xobeh.
 55670 | Snake:4  | Reached XP level 18. HP: 160/160 MP: 17/36
 57039 | Snake:4  | Reached skill level 15 in Spellcasting
 57186 | Snake:4  | Offered knowledge of Conjure Ball Lightning by Vehumet.
 57687 | Snake:4  | Got a serpentine rune of Zot
 57804 | Snake:4  | Found Cel Ostru's Gadget Shoppe.
 57805 | Snake:4  | Found Dazipn's Jewellery Shop.
 57806 | Snake:4  | Found Yxtuthri's Gadget Shoppe.
 57815 | Snake:4  | Bought an uncursed ring of protection from magic for 425 gold pieces
 58098 | Vaults:1 | Entered Level 1 of the Vaults
 58965 | Vaults:1 | Reached skill level 5 in Summonings
 59189 | Vaults:1 | Offered knowledge of Iron Shot by Vehumet.
 59207 | Vaults:1 | Learned a level 6 spell: Iron Shot
 59701 | Vaults:1 | Noticed Nikola
 59726 | Vaults:1 | Killed Nikola
 59949 | Vaults:1 | Found a sparkling altar of Nemelex Xobeh.
 60161 | Vaults:1 | Reached skill level 10 in Dodging
 60171 | Vaults:1 | Reached skill level 15 in Fighting
 61822 | Vaults:2 | Found a staircase to the Crypt.
 62322 | Vaults:2 | Reached XP level 19. HP: 170/170 MP: 24/38
 64110 | Vaults:3 | Offered knowledge of Fire Storm by Vehumet.
 64110 | Vaults:3 | Offered knowledge of Glaciate by Vehumet.
 64110 | Vaults:3 | Offered knowledge of Chain Lightning by Vehumet.
 67796 | Vaults:4 | Reached skill level 16 in Fighting
 67913 | Vaults:4 | Reached XP level 20. HP: 180/180 MP: 31/41
 69089 | Elf:1    | Entered Level 1 of the Elven Halls
 70076 | Elf:1    | Identified the Compendium of Creation
 70703 | Elf:2    | Found Soifu's Weapon Emporium.
 71700 | Elf:2    | Found a huge runed gate.
 71700 | Elf:2    | Found a huge runed gate.
 71700 | Elf:2    | Found a huge runed gate.
 71702 | Elf:2    | Found a huge runed gate.
 71703 | Elf:2    | Found a huge runed gate.
 73249 | Elf:3    | Entered Level 3 of the Elven Halls
 73378 | Elf:3    | Found a flickering gateway to a bazaar.
 73409 | Bazaar   | Entered a bazaar
 73410 | Bazaar   | Found Onwoakk's Antique Armour Boutique.
 73421 | Bazaar   | Found Wuholl's Magic Scroll Emporium.
 73432 | Bazaar   | Found Epeateux's Antique Weapon Shop.
 73440 | Bazaar   | Found Enearyc's General Store.
 73451 | Bazaar   | Found Nycsek's Jewellery Emporium.
 73459 | Bazaar   | Bought an uncursed ring of see invisible for 135 gold pieces
 73459 | Bazaar   | Bought an uncursed ring of resist corrosion for 180 gold pieces
 73470 | Bazaar   | Bought a bread ration for 70 gold pieces
 73470 | Bazaar   | Bought a scroll of immolation for 49 gold pieces
 73470 | Bazaar   | Bought a scroll of magic mapping for 49 gold pieces
 73489 | Bazaar   | Bought a scroll of identify for 34 gold pieces
 73489 | Bazaar   | Bought a scroll of identify for 34 gold pieces
 73489 | Bazaar   | Bought a scroll of enchant weapon for 127 gold pieces
 73489 | Bazaar   | Bought a scroll of fog for 34 gold pieces
 73489 | Bazaar   | Bought a scroll of enchant weapon for 127 gold pieces
 73489 | Bazaar   | Bought a scroll of identify for 34 gold pieces
 74776 | Elf:3    | Learned a level 8 spell: Ignition
 75167 | Elf:3    | Reached XP level 21. HP: 177/189 MP: 22/43
 75876 | Elf:3    | Identified the ring "Jexip" {Fire +Fly MR+} (You took it off a deep elf death mage on level 3 of the Elven Halls)
 76604 | Elf:3    | Identified the amulet of Zuwampou {Spirit Int+4 Slay-5} (You took it off a deep elf mage on level 3 of the Elven Halls)
 76692 | Orc:2    | Bought 2 scrolls of fear for 91 gold pieces
 76692 | Orc:2    | Bought a potion of resistance for 130 gold pieces
 76692 | Orc:2    | Bought a scroll of fear for 45 gold pieces
 76835 | D:8      | Bought a potion of haste for 170 gold pieces
 76835 | D:8      | Bought a potion of haste for 170 gold pieces
 76835 | D:8      | Bought a potion of heal wounds for 85 gold pieces
 76885 | D:7      | Bought a potion of haste for 180 gold pieces
 76885 | D:7      | Bought a scroll of enchant weapon for 135 gold pieces
 77069 | Depths:1 | Entered Level 1 of the Depths
 77084 | Depths:1 | Reached skill level 17 in Fighting
 77624 | Depths:1 | Found a one-way gate leading to the halls of Pandemonium.
 77925 | Depths:1 | Found a one-way gate to the infinite horrors of the Abyss.
 78771 | Depths:1 | Found a gateway to Hell.
 80733 | Depths:2 | Noticed a juggernaut
 81207 | Depths:2 | Noticed Margery
 81426 | Depths:2 | Killed a juggernaut
 81530 | Depths:2 | Reached XP level 22. HP: 185/200 MP: 11/45
 81847 | Depths:2 | Killed Margery
 82059 | Depths:2 | Identified the cursed +3 battleaxe "Cykud" {drain, rPois MR- Int+9} (You took it off a fire giant on level 2 of the Depths)
 82120 | Depths:2 | Learned a level 4 spell: Summon Lightning Spire
 82467 | Depths:2 | Noticed a caustic shrike
 82468 | Depths:2 | Noticed a caustic shrike
 82470 | Depths:2 | Noticed a caustic shrike
 82487 | Depths:2 | Killed a caustic shrike
 82855 | Depths:2 | Killed a caustic shrike
 83093 | Depths:2 | Identified the +6 scimitar "Hydrabane" {slice, *Contam Dex+7} (You found it on level 2 of the Depths)
 83657 | Depths:2 | Identified the ring "Naotu" {rElec rN+ Slay+3} (You took it off a fire giant on level 2 of the Depths)
 83933 | Depths:2 | Killed a caustic shrike
 84564 | Depths:3 | Found a snail-covered altar of Cheibriados.
 84596 | Depths:3 | Noticed a golden dragon
 84600 | Depths:3 | Killed a golden dragon
 84602 | Depths:3 | Reached skill level 18 in Fighting
 84930 | Depths:3 | Reached skill level 5 in Charms
 85416 | Depths:2 | Identified the ring of Immorality {rF+ Int+6} (You took it off a spriggan berserker on level 2 of the Depths)
 86236 | Depths:3 | Noticed a juggernaut
 87022 | Depths:3 | Killed a juggernaut
 87149 | Depths:3 | Reached XP level 23. HP: 209/209 MP: 24/47
 87761 | Depths:3 | Found a radiant altar of Vehumet.
 88452 | Depths:3 | Found a shadowy altar of Dithmenos.
 89068 | Depths:3 | Found a bloodstained altar of Trog.
 89324 | Depths:4 | Noticed Jorgrun
 89329 | Depths:4 | Killed Jorgrun
 90369 | Depths:4 | Reached skill level 5 in Air Magic
 91579 | Depths:4 | Noticed Frederick
 91670 | Depths:4 | Killed Frederick
 91889 | Depths:4 | Found a radiant altar of Vehumet.
 92386 | Depths:4 | Identified the Handbook of Ghastly Transmutation
 92577 | Depths:4 | Learned a level 1 spell: Summon Butterflies
 92585 | Depths:4 | Learned a level 6 spell: Deflect Missiles
 92798 | Depths:5 | Entered Level 5 of the Depths
 92818 | Depths:5 | Noticed a caustic shrike
 92819 | Depths:5 | Noticed a caustic shrike
 92820 | Depths:5 | Noticed a caustic shrike
 92828 | Depths:4 | Killed a caustic shrike
 92952 | Depths:4 | Killed a caustic shrike
 93054 | Depths:4 | Killed a caustic shrike
 93394 | Depths:5 | Noticed a caustic shrike
 94499 | Depths:5 | Found a gate to the Realm of Zot.
 95594 | Depths:5 | Found a gateway to a ziggurat.
 97496 | Vaults:5 | Entered Level 5 of the Vaults
 97498 | Vaults:5 | Reached XP level 24. HP: 220/220 MP: 47/47
 97501 | Vaults:5 | Reached skill level 19 in Fighting
 98354 | Vaults:5 | Noticed an ancient lich
 98458 | Vaults:5 | Killed an ancient lich
 98528 | Vaults:4 | Reached skill level 10 in Charms
 99450 | Vaults:5 | Noticed mortelune's ghost (veteran MiFi)
100484 | Vaults:5 | Reached skill level 15 in Dodging
100693 | Vaults:5 | Killed mortelune's ghost
101690 | Vaults:5 | Identified the ring of Pantheism {Fire +Inv MR- Int+6 SInv} (You found it on level 5 of the Vaults)
102106 | Vaults:5 | Got a glittering ruby amulet
102107 | Vaults:5 | Identified the amulet of Xergh {RegenMP *Slow Int+7} (You found it on level 5 of the Vaults)
102420 | Vaults:5 | Reached XP level 25. HP: 231/231 MP: 16/48
102764 | Vaults:5 | Got a silver rune of Zot
103377 | Vaults:5 | Identified the amulet of Tuddulie {Faith rPois MR- Dex+4} (You took it off a fire giant on level 5 of the Vaults)
103657 | Zot:1    | Entered Level 1 of the Realm of Zot
103675 | Zot:1    | Reached skill level 1 in Earth Magic
104336 | Zot:1    | Reached skill level 20 in Fighting
105397 | Zot:2    | Reached skill level 5 in Earth Magic
111028 | Zot:5    | Entered Level 5 of the Realm of Zot
111127 | Zot:5    | Noticed an ancient lich
111129 | Zot:5    | Killed an ancient lich
111129 | Zot:5    | Reached skill level 21 in Fighting
111850 | Zot:5    | Noticed an ancient lich
111970 | Zot:5    | Killed an ancient lich
111970 | Zot:5    | Reached XP level 26. HP: 220/244 MP: 43/48
113273 | Zot:5    | Noticed an ancient lich
113285 | Zot:5    | Killed an ancient lich
113801 | Zot:5    | Reached skill level 22 in Fighting
114814 | Zot:5    | Noticed an orb of fire
114816 | Zot:5    | Gained mutation: You are dopey. (Int -2) [an orb of fire]
114817 | Zot:5    | Killed an orb of fire
115245 | Zot:5    | Noticed an orb of fire
115250 | Zot:5    | Killed an orb of fire
115888 | Zot:5    | Noticed an orb of fire
115899 | Zot:5    | Killed an orb of fire
116110 | Zot:5    | Got the Orb of Zot
116230 | Zot:2    | Noticed Esuf Kegum the pandemonium lord
116242 | Zot:2    | Killed Esuf Kegum the pandemonium lord
116317 | Zot:2    | Reached skill level 23 in Fighting
116437 | Zot:1    | Noticed Sitaes the pandemonium lord
117165 | D:$      | Escaped with the Orb!

Vault maps used:
D:1:      dpeg_arrival_three_smaller_balls
D:2:      grunt_dithmenos_smoke, kennysheep_generic_room_5, uniq_jessica
D:3:      first_bread
D:4:      overflow_temple_1_default
D:5:      nicolae_tso_carved_into_rock, grunt_gozag_breadcrumbs,
          hangedman_feature_mirror
D:6:      nicolae_overflow_hidden_temple, gammafunk_temple_overflow_elements,
          uniq_pikel
D:7:      minmay_temple_entry_hall, serial_shops, kennysheep_mini_moat,
          grunt_livestock, lightli_corner_chamber
D:8:      serial_shops, kennysheep_little_box
D:9:      minmay_flawed_box, minmay_door_square, minmay_lindwurm_lava
D:10:     david_lair_shrubbed, uniq_maurice
D:11:     david_orc_2, minmay_misc_feat_encased, trog_ov_bears_minmay
D:12:     serial_shops, shop, minmay_misc_feat_x
D:13:     david_vaults_3, minmay_misc_feat_chi, hangedman_ru_absence
D:14:     minivault_19
D:15:     grunt_enter_depths_magical_seal, serial_park_square3
Temple:   regret_index_temple_generic_petals
Lair:2:   fungi_pond_lemuel, grunt_megastairs_5
Lair:3:   swamp_mist, guppyfry_snake_entry_garden, nicolae_volcano_entry_s_turn,
          beast_lair_carwin_8
Lair:4:   uniq_snorg
Lair:5:   minmay_slime_entry_oklob_open, lemuel_oklob_altar
Lair:6:   grunt_lair_end_beastmaster
Swamp:1:  evilmike_swamp_ruin_house_5
Swamp:2:  nicolae_swamp_stair_fork, swamp_pool1, nicolae_swamp_little_tower
Swamp:3:  evilmike_swamp_ruin_house_2
Swamp:4:  swamp_old_school, swamp_pool1, nicolae_swamp_spriggan_camp,
          uniq_bai_suzhen, uniq_roxanne
Snake:2:  uniq_aizul, uniq_vashnia
Snake:3:  statue_in_the_mist_lemuel, uniq_louise, uniq_mara
Snake:4:  snake_pit, basic_altar, minmay_shop_grove
Orc:1:    basic_altar, lightli_church_of_beogh
Orc:2:    grunt_orc_gardens, grunt_orc_garden, grunt_orc_garden,
          grunt_orc_garden, grunt_orc_garden, nicolae_orc_lava_room
Elf:1:    minmay_elf_demonology, nrook_loot_triangle,
          hangedman_elf_power_crystal, moated_statue
Elf:2:    serial_shops, nicolae_shop_waterfront
Elf:3:    elf_hall_gauntlet_narrow, serial_shops, bzr_entry_dummy,
          corexii_checkpoint_a
Vaults:1: ontoclasm_vaults_shuriken, nicolae_vaults_disjoint_gnomons, v_rooms_4,
          nicolae_vaults_gold_heap, vaults_dpeg_encased_lava,
          ontoclasm_vaults_loading_screen, hangedman_vaults_capsules,
          ontoclasm_vaults_tryst, nicolae_vaults_little_squares_4, basic_altar,
          uniq_nikola
Vaults:2: v_misc_28, nicolae_vaults_ninety_degrees, v_misc_13,
          grunt_vaults_diagonal, v_misc_1, v_misc_2
Vaults:3: hangedman_vaults_slither, v_misc_4, vaults_room_boxed,
          ontoclasm_vaults_gateway, nicolae_vaults_rhombus_6,
          nicolae_vaults_stairing_the_circle, nicolae_vaults_shelves_hall,
          ontoclasm_vaults_ring_small, ontoclasm_vaults_chip,
          vaults_mumra_minichess, nicolae_vaults_little_squares_6,
          vaults_dpeg_diagonal
Vaults:4: nicolae_vaults_circle_grid_b, v_misc_14, v_alt_pattern_2,
          nicolae_vaults_network_s, st_diamondy,
          nicolae_vaults_twisting_passages, ontoclasm_vaults_loading_screen,
          v_rooms_4, dpeg_vaults_monster_box, grunt_vaults_focal,
          nicolae_vaults_angled_halls
Vaults:5: serial_shops
Depths:1: hellmouth_1, abyss_entry, pan_entry, minmay_misc_feat_hallway,
          kennysheep_four_rooms, serial_bayou_shore_a, grunt_megastairs_3
Depths:2: grunt_arcs, serial_sigils_hangedman_gut, grunt_metal_band,
          kennysheep_big_empty_room
Depths:3: grunt_profane_halls, hell_entry, pan_entry
Depths:4: evilmike_halls_of_destruction, hell_entry, minivault_11,
          abyss_entry_small_statue_room, minmay_misc_feat_room,
          minmay_staircase_statues, uniq_jorgrun
Depths:5: evilmike_zot_entry_argh, enter_ziggurat_b,
          hangedman_decor_diamond_cutter, hangedman_coc_ice_floe
Zot:1:    infiniplex_zot_generator
Zot:3:    grunt_ministairs_7, lemuel_lake_of_fire, grunt_megastairs_1,
          lemuel_elevator
Zot:4:    grunt_megastairs_2
Bazaar:   bazaar_lake
Volcano:  volcano_aerie

Skill      XL: |  1  2  3  4  5  6  7  8  9 10 11 12 13 14 15 16 17 18 19 20 21 22 23 24 25 26 |
---------------+-------------------------------------------------------------------------------+-----
Conjurations   | 2 3 4 5 7 8 10 11 12 13 14 15 16 17 19 21 | 21.2
Fire Magic     | 4 5 6 7 9 10 11 12 13 14 15 16 17 18 | 18.0
Fighting       | 1 2 3 4 6 7 8 9 10 11 12 13 14 15 16 17 18 19 21 23 | 23.1
Spellcasting   | 3 4 5 6 7 8 9 10 12 13 14 15 17 18 19 20 21 | 21.3
Necromancy     | 2 3 |  3.4
Charms         | 2 3 6 9 10 | 10.0
Air Magic      | 2 3 6 7 |  7.0
Dodging        | 3 5 7 8 10 11 12 13 14 15 16 | 16.0
Shields        | 2 4 |  4.0
Summonings     | 2 6 8 |  8.3
Earth Magic    | 6 |  6.0
Stealth        | |  1.7

Action                   |  1- 3 |  4- 6 |  7- 9 | 10-12 | 13-15 | 16-18 | 19-21 | 22-24 | 25-27 || total
-------------------------+-------+-------+-------+-------+-------+-------+-------+-------+-------++-------
Melee: Unarmed           |    16 |       |       |     5 |       |       |       |       |       ||    21
       Whip              |    26 |       |       |       |       |       |       |       |       ||    26
       Tailslap          |     1 |       |     4 |    27 |    42 |     5 |     6 |     9 |     2 ||    96
       Staff             |       |       |    16 |       |       |    23 |    12 |     2 |     2 ||    55
       Mace              |       |       |     6 |       |       |       |       |       |       ||     6
       Trident           |       |       |       |   316 |   360 |     8 |       |       |       ||   684
       Demon whip        |       |       |       |       |       |     8 |    45 |    77 |     9 ||   139
 Fire: Hunting sling     |       |    37 |   212 |    41 |       |       |       |       |       ||   290
 Cast: Flame Tongue      |    64 |   130 |   188 |    39 |       |       |       |       |       ||   421
       Conjure Flame     |       |     1 |    16 |    26 |    44 |     2 |       |       |       ||    89
       Sticky Flame      |       |       |    12 |   128 |   183 |    48 |    27 |     3 |       ||   401
       Shock             |       |       |       |   417 |   214 |       |       |       |       ||   631
       Fireball          |       |       |       |    14 |   294 |   622 |   632 |   435 |    53 ||  2050
       Regeneration      |       |       |       |     2 |    13 |       |     2 |     1 |     2 ||    20
       Airstrike         |       |       |       |       |    48 |     5 |    36 |     8 |     8 ||   105
       Bolt of Fire      |       |       |       |       |    13 |    32 |    21 |    69 |   121 ||   256
       Blink             |       |       |       |       |     3 |    11 |     2 |     4 |       ||    20
       Orb of Destructio |       |       |       |       |       |    25 |    13 |    61 |    18 ||   117
       Iron Shot         |       |       |       |       |       |     1 |   127 |   283 |   312 ||   723
       Spellforged Servi |       |       |       |       |       |       |     1 |     7 |     3 ||    11
       Summon Lightning  |       |       |       |       |       |       |       |     5 |     2 ||     7
       Deflect Missiles  |       |       |       |       |       |       |       |     5 |     1 ||     6
       Ignition          |       |       |       |       |       |       |       |     2 |       ||     2
       Apportation       |       |       |       |       |       |       |       |       |     3 ||     3
 Abil: Stop Flying       |       |       |       |       |       |       |       |     1 |       ||     1
Evoke: Wand              |       |     4 |       |     7 |     1 |    12 |       |     2 |     5 ||    31
       Phantom mirror    |       |       |       |       |       |     1 |       |       |       ||     1
  Use: Scroll            |       |    12 |     7 |    14 |    16 |    19 |    12 |    14 |    11 ||   105
       Potion            |       |       |       |     1 |       |     1 |     2 |     6 |     9 ||    19
 Stab: Sleeping          |       |       |       |       |       |     1 |       |       |       ||     1
  Eat: Chunk             |     3 |     9 |    20 |    57 |   101 |    56 |    55 |    41 |    11 ||   353
       Fruit             |       |     2 |     6 |       |       |    20 |     9 |     7 |       ||    44
       Royal jelly       |       |       |       |       |       |     2 |       |    14 |    14 ||    30
       Meat ration       |       |       |       |       |       |     4 |     1 |       |     3 ||     8
Armor: Skin              |    21 |    14 |    76 |   232 |   338 |   158 |   102 |   194 |    99 ||  1234
Dodge: Dodged            |    41 |    32 |    79 |   264 |   383 |   171 |   174 |   365 |   238 ||  1747
       Deflected         |       |       |       |       |       |       |       |    29 |     7 ||    36
Block: Buckler           |       |       |       |       |    59 |    99 |   187 |   284 |   143 ||   772
       Reflection        |       |       |       |       |       |     6 |    41 |    27 |     3 ||    77

Table legend:
 A = Spawn XP
 B = Non-spawn XP
 C = Spawn XP percentage of total XP
 D = Spawn monster count
 E = Non-spawn monster count
 F = Spawn count percentage of total count
 G = Total turns spent on level
                    A         B        C        D         E        F      G
               +---------+---------+-------+---------+---------+-------+---------
         Total |       0 | 1454676 |   0.0 |       0 |    2136 |   0.0 | 117165
               +---------+---------+-------+---------+---------+-------+---------
           D:1 |       0 |      52 |   0.0 |       0 |      24 |   0.0 |  1012
           D:2 |       0 |      90 |   0.0 |       0 |      22 |   0.0 |   998
           D:3 |       0 |     234 |   0.0 |       0 |      35 |   0.0 |  1499
           D:4 |       0 |     331 |   0.0 |       0 |      12 |   0.0 |  1210
           D:5 |       0 |     240 |   0.0 |       0 |      14 |   0.0 |  1101
           D:6 |       0 |    2897 |   0.0 |       0 |      44 |   0.0 |  2935
           D:7 |       0 |    1658 |   0.0 |       0 |      18 |   0.0 |  1403
           D:8 |       0 |    1753 |   0.0 |       0 |      33 |   0.0 |  1902
           D:9 |       0 |    4374 |   0.0 |       0 |      38 |   0.0 |  2615
          D:10 |       0 |    7493 |   0.0 |       0 |      50 |   0.0 |  2293
          D:11 |       0 |    5933 |   0.0 |       0 |      39 |   0.0 |  2254
          D:12 |       0 |    5694 |   0.0 |       0 |      25 |   0.0 |  1566
          D:13 |       0 |    8813 |   0.0 |       0 |      31 |   0.0 |  1071
          D:14 |       0 |    9428 |   0.0 |       0 |      38 |   0.0 |  1766
          D:15 |       0 |   35446 |   0.0 |       0 |      70 |   0.0 |  3061
        Lair:1 |       0 |    2008 |   0.0 |       0 |       9 |   0.0 |  1119
        Lair:2 |       0 |    4433 |   0.0 |       0 |      18 |   0.0 |  1293
        Lair:3 |       0 |    8943 |   0.0 |       0 |      40 |   0.0 |  2150
        Lair:4 |       0 |    5856 |   0.0 |       0 |      24 |   0.0 |  1413
        Lair:5 |       0 |    9157 |   0.0 |       0 |      20 |   0.0 |  2297
        Lair:6 |       0 |   14002 |   0.0 |       0 |      35 |   0.0 |  1944
       Swamp:1 |       0 |   12512 |   0.0 |       0 |      37 |   0.0 |  1943
       Swamp:2 |       0 |    8198 |   0.0 |       0 |      24 |   0.0 |  1226
       Swamp:3 |       0 |    8879 |   0.0 |       0 |      23 |   0.0 |  3230
       Swamp:4 |       0 |   44064 |   0.0 |       0 |      62 |   0.0 |  3396
       Snake:1 |       0 |   13194 |   0.0 |       0 |      19 |   0.0 |  2401
       Snake:2 |       0 |   18154 |   0.0 |       0 |      20 |   0.0 |  1492
       Snake:3 |       0 |   27676 |   0.0 |       0 |      37 |   0.0 |  1930
       Snake:4 |       0 |   49255 |   0.0 |       0 |      74 |   0.0 |  3552
         Orc:1 |       0 |    4829 |   0.0 |       0 |      42 |   0.0 |  2395
         Orc:2 |       0 |    9183 |   0.0 |       0 |      50 |   0.0 |  1330
         Elf:1 |       0 |   27445 |   0.0 |       0 |      44 |   0.0 |  2211
         Elf:2 |       0 |   34079 |   0.0 |       0 |      50 |   0.0 |  2808
         Elf:3 |       0 |   69967 |   0.0 |       0 |      70 |   0.0 |  2722
      Vaults:1 |       0 |   38912 |   0.0 |       0 |      62 |   0.0 |  2687
      Vaults:2 |       0 |   21745 |   0.0 |       0 |      40 |   0.0 |  2902
      Vaults:3 |       0 |   63432 |   0.0 |       0 |      93 |   0.0 |  3000
      Vaults:4 |       0 |   75555 |   0.0 |       0 |      95 |   0.0 |  5837
      Vaults:5 |       0 |  140004 |   0.0 |       0 |     133 |   0.0 |  2812
      Depths:1 |       0 |   49104 |   0.0 |       0 |      83 |   0.0 |  3301
      Depths:2 |       0 |   98345 |   0.0 |       0 |      91 |   0.0 |  4911
      Depths:3 |       0 |  102901 |   0.0 |       0 |     111 |   0.0 |  3680
      Depths:4 |       0 |   76146 |   0.0 |       0 |      60 |   0.0 |  4728
      Depths:5 |       0 |   37667 |   0.0 |       0 |      33 |   0.0 |  2667
         Zot:1 |       0 |   15432 |   0.0 |       0 |      12 |   0.0 |  1463
         Zot:2 |       0 |   31092 |   0.0 |       0 |      21 |   0.0 |  1344
         Zot:3 |       0 |   16062 |   0.0 |       0 |      10 |   0.0 |  1578
         Zot:4 |       0 |   63109 |   0.0 |       0 |      38 |   0.0 |  4194
         Zot:5 |       0 |  168900 |   0.0 |       0 |      63 |   0.0 |  4204
               +---------+---------+-------+---------+---------+-------+---------
